 Dungeon Crawl Stone Soup version 0.28.0-53-g5a82cb258f (webtiles) character file.

Game seed: 1277438297893649487

58 issech the Chopper (level 3, -1/33 HPs)
             Began as a Minotaur Monk on June 24, 2022.
             Killed from afar by an orc wizard (10 damage)
             ... with a puff of flame
             ... on level 3 of the Dungeon.
             The game lasted 00:04:37 (2214 turns).

issech the Chopper (Minotaur Monk)                  Turns: 2214, Time: 00:04:38

Health: -1/33      AC:  2    Str: 15    XL:     3   Next: 76%
Magic:  2/2        EV: 13    Int:  7    God:
Gold:   80         SH:  0    Dex: 14    Spells: 2/2 levels left

rFire   . . .      SeeInvis .   a - +0 hand axe
rCold   . . .      Faith    .   (no shield)
rNeg    . . .      Spirit   .   b - +0 robe
rPois   .          Reflect  .   (helmet restricted)
rElec   .          Harm     .   (no cloak)
rCorr   .          Rampage  .   (no gloves)
Will    .....                   (no boots)
Stlth   +.........              (no amulet)
HPRegen 0.11/turn               (no ring)
MPRegen 0.08/turn               (no ring)

@: confused
A: horns 2, retaliatory headbutt
a: no special abilities


You were on level 3 of the Dungeon.
You visited 1 branch of the dungeon, and saw 3 of its levels.

You collected 102 gold pieces.
You spent 22 gold pieces at shops.

Inventory:

Hand Weapons
 a - a +0 hand axe (weapon)
Missiles
 c - 87 stones
 f - 5 boomerangs (quivered)
 g - 14 sling bullets
 h - 16 bolts
Armour
 b - a +0 robe (worn)
Scrolls
 d - 3 scrolls of noise
 e - a scroll of immolation
 i - 4 scrolls of identify
 j - a scroll of holy word {unknown}
 k - a scroll of enchant weapon {unknown}
Potions
 l - a potion of heal wounds {unknown}


   Skills:
 + Level 4.1 Fighting
 + Level 4.3 Axes
 + Level 0.1 Throwing
 + Level 4.0 Dodging
 + Level 2.1 Stealth


You had 2 spell levels left.
You didn't know any spells.
Your spell library contained the following spells:

 Spells                   Type           Power      Damage    Failure   Level
 Alistair's Intoxication  Tmut/Pois      0%         N/A       100%        5
 Borgnjor's Vile Clutch   Necr/Erth      0%         N/A       100%        5
 Eringya's Noxious Bog    Tmut/Pois      0%         N/A       100%        6


Dungeon Overview and Level Annotations

Branches:
Dungeon (3/15)

Altars:

Shops:
D:1 ?


Innate Abilities, Weirdness & Mutations

You have a pair of horns on your head.
You reflexively headbutt those who attack you in melee.


Message History

You hear some strange, mumbled words.
You are confused.
You miss something. Your headbutt misses something. Something hits you.
You're too confused to move!
Something hits you.
You barely miss something. Something hits you.
You completely miss something.
You feel less confused.
You hit the orc but do no damage. Your headbutt misses the orc.
You hit something. Something hits you. The orc barely misses you.
Something barely misses you.
You hit the orc but do no damage. You hit something. Something hits you.
The orc hits you with a +0 club. Something hits you.
The orc hits you with a +0 dagger.
Things that are here:
a +0 short sword; a +0 dagger You closely miss something.
You hit the orc. You closely miss the orc. The orc hits you with a +0 club.
Something hits you. The orc misses you.
You miss something. You barely miss the orc. You hit the orc but do no damage.
The orc hits you with a +0 club. The orc closely misses you.
You hear some strange, mumbled words.
You are confused.
You hear some strange, mumbled words.
You are more confused.
The orc misses you.
You bump into the rock wall.
An orc wizard appears from thin air!
Reactivating autopickup.
The orc hits you but does no damage. The orc wizard barely misses you.
The orc closely misses you.
You miss the orc.
The orc is moderately wounded.
You miss the orc wizard. You hit the orc but do no damage.
The orc barely misses you. The orc closely misses you.
The orc wizard gestures at you while chanting.
You resist with significant effort.
You bump into the rock wall.
The orc barely misses you. The orc hits you with a +0 dagger.
* * * LOW HITPOINT WARNING * * *
The orc wizard gestures at you while chanting.
The puff of flame hits you!
You die...

####.# #....# # #.#### .# #.#
#######.### ..# #########
#.......... ### ........#
#.......... .. ........#
#....[..... ##
.......o###.......... ..
......†@o...........> ####
.......o###.......... ...####
#######.##........... ......#
########.##...........
##..#.#..................#.###
....#.#.########.##.##...#.#
......#.# #..<.####### #
......#.# #....# ##>##
...#.##.# #....# 8...8#


You could see an orc wizard and 2 orcs.

Vanquished Creatures
  A worm (D:2)
  4 dart slugs
  2 orcs (D:3)
  7 ball pythons
  4 bats
  3 endoplasms
  2 giant cockroaches (D:1)
  6 goblins
  2 hobgoblins
  3 kobolds
  2 quokkas
  A frilled lizard (D:1)
  5 rats
42 creatures vanquished.

Notes
Turn   | Place    | Note
-------+----------+-------------------------------------------
     0 | D:1      | issech the Minotaur Monk began the quest for the Orb.
     0 | D:1      | Reached XP level 1. HP: 19/19 MP: 0/0
   366 | D:1      | Reached XP level 2. HP: 17/27 MP: 1/1
   613 | D:1      | Found Nyawacui's Magic Scroll Shoppe.
   631 | D:1      | Bought a scroll of identify for 22 gold pieces
  1082 | D:1      | Reached XP level 3. HP: 33/33 MP: 2/2
  1310 | D:2      | Noticed Terence
  1410 | D:2      | Found a faded altar of an unknown god.
  1410 | D:2      | Noticed a Tzitzimitl
  2214 | D:3      | Killed from afar by an orc wizard

Illustrated notes

Levels and vault maps discovered:
D:1:      dpeg_arrival_pond, layout_basic, serial_shops, shop_scrolls
D:2:      layout_rooms, dreamdust_ecumenical_altar_sealed_demon, uniq_terence
D:3:      layout_basic, nicolae_overflow_hidden_temple

Skill      XL: |  1  2  3 |
---------------+----------+-----
Axes           | 4 |  4.3
Stealth        | 2 |  2.1
Fighting       | 4 |  4.1
Dodging        | 4 |  4.0
Throwing       | |  0.1

Action                   || total
-------------------------++-------
Melee: Hand axe          ||   102
       Headbutt          ||    13
       Punch             ||     1
Throw: Boomerang         ||     8
  Use: Scroll            ||     2
 Stab: Sleeping          ||     3
Armor: Robe              ||    18
Dodge: Dodged            ||    70
